Map: Szmaragdowe Miasto ER

Players

Vooml

  • Race: Terran Terran
  • League: Master
  • Spawn Location: 11:00

MOJIOMS

  • Race: Protoss Protoss
  • Spawn Location: 11:00

Kafyir

  • Race: Protoss Protoss
  • Spawn Location: 5:00

Ravi

  • Race: Protoss Protoss
  • Spawn Location: 5:00

VOD

Have the link to the VOD?

Description

Time

  • Played on: Sept. 26, 2021, 2:51 p.m.
  • Length: 11:43
Show
View Real Time Build Order
Export as new Build Order

Vooml Terran 

Build Orders:  

Get SALT Encoding   

  12  0:00  SCV  
  13  0:13  SCV  
  14  0:18  Supply Depot  
  14  0:25  SCV  
  15  0:39  SCV  
  15  0:40  Barracks  
  16  0:51  SCV  
  17  1:03  SCV  
  18  1:15  SCV  
  19  1:30  Marine  
  19  1:32  Orbital Command, Command Center  
  20  1:48  Marine  
  21  1:59  SCV  
  22  2:05  Barracks  
  22  2:07  Barracks, Refinery  
  22  2:09  Refinery  
  22  2:10  Marine  
  23  2:43  SCV  
  24  2:47  Orbital Command  
  24  2:55  SCV  
  24  2:56  Barracks Reactor x2  
  25  3:01  Barracks Tech Lab  
  25  3:09  SCV  
  26  3:15  SCV  
  27  3:23  SCV  
  27  3:25  Marauder  
  29  3:30  Engineering Bay  
  29  3:32  SCV  
  30  3:36  Marine  
  30  3:37  Marine x3  
  30  3:38  Combat Shield  
  34  3:44  SCV x2  
  36  3:50  Marauder  
  38  3:57  Terran Infantry Weapons Level 1  
  38  4:00  Supply Depot  
  38  4:01  Supply Depot  
  38  4:09  Missile Turret  
  38  4:17  Supply Depot  
  38  4:22  Marine x4, Marauder, SCV x2  
  46  4:33  Missile Turret  
  46  4:34  SCV x2  
  47  4:46  SCV x2  
  49  4:53  Marine x2  
  49  4:54  Marine x2, Marauder  
  55  5:05  SCV x2  
  57  5:16  Concussive Shells  
  57  5:19  SCV x2  
  59  5:23  Marine x2  
  59  5:29  Barracks  
  59  5:30  Barracks  
  59  5:31  Barracks  
  59  5:36  Marine, Marauder  
  59  5:37  Marine  
  59  5:42  Marine  
  62  5:48  Supply Depot  
  62  5:50  Supply Depot  
  62  5:51  Terran Infantry Armor Level 1  
  62  5:59  Stimpack  
  62  6:09  Marine x3  
  62  6:10  Marauder, SCV x2  
  69  6:19  Refinery  
  69  6:22  Marine, SCV x2  
  70  6:26  Barracks Tech Lab  
  70  6:27  Marine  
  70  6:31  Marauder  
  71  6:34  SCV  
  71  6:36  Command Center  
  72  6:41  SCV  
  72  6:46  SCV  
  74  6:49  Marine x2  
  74  6:50  Marauder  
  78  6:55  Marine x2, Marauder  
  78  6:58  Supply Depot  
  78  7:01  Supply Depot  
  82  7:05  Barracks Reactor  
  81  7:09  Marine x2  
  81  7:11  Marauder  
  81  7:13  Barracks Reactor  
  85  7:19  Marauder  
  85  7:21  Barracks  
  87  7:32  Marine x3, Marauder  
  87  7:33  Marine  
  87  7:36  SCV  
  94  7:38  SCV  
  94  7:41  Marauder  
  94  7:42  Marine x2  
  99  7:50  Marine x3  
  102  7:54  Marauder  
  104  7:58  Marine x3  
  104  8:02  Orbital Command  
  107  8:10  Factory, Barracks Tech Lab  
  107  8:11  Marine, Marauder  
  110  8:15  Marine  
  110  8:16  SCV, Marauder  
  110  8:17  SCV  
  115  8:21  Marine x2  
  117  8:36  Supply Depot  
  117  8:40  Supply Depot  
  117  8:43  Marine  
  117  8:45  Marine, SCV  
  117  8:46  Marine, SCV  
  117  8:48  Marine, SCV  
  117  8:49  Marine  
  117  8:51  Marauder  
  117  8:52  Marauder x2  
  106  8:57  Marine  
  106  8:58  Marine x2  
  106  9:01  Marine  
  89  9:03  Marine  
  89  9:04  Marine  
  89  9:08  Marine x2  
  93  9:13  Marauder x2  
  93  9:14  Marauder  
  93  9:15  Marine x2  
  96  9:22  Marine x3  
  96  9:23  Marine  
  100  9:26  Marine x2  
  102  9:33  Marine  
  102  9:34  Marauder  
  102  9:35  Marauder x2  
  102  9:37  Marine  
  110  9:40  Marine x4  
  100  9:55  Marauder  
  100  9:56  Marauder x2  
  88  10:01  Marine x3  
  80  10:08  Marine x3  
  80  10:09  Marine x2  
  80  10:13  Starport  
  85  10:17  Marauder x2  
  85  10:18  Factory Reactor, Marauder  
  85  10:19  Marine  
  87  10:24  Marine  
  87  10:25  Marine  
  87  10:26  Marine x2  
  91  10:33  Marine x3  
  94  10:37  Marine  
  94  10:38  Marauder  
  94  10:39  Marauder x2  
  76  10:59  Marauder  
  76  11:00  Marine x5, Marauder  
  76  11:01  Marine x3, Marauder  
  87  11:12  Medivac  
  87  11:13  Medivac  
  91  11:21  Marauder  
  91  11:22  Marauder x2  
  91  11:23  Marine x2  
  91  11:24  Marine, Command Center  
Show
View Real Time Build Order
Export as new Build Order

MOJIOMS Protoss 

Build Orders:  

Get SALT Encoding   

  12  0:00  Probe  
  13  0:12  Probe  
  14  0:20  Pylon  
  14  0:24  Probe  
  15  0:38  Probe  
  15  0:39  Gateway  
  16  0:43  Assimilator  
  16  0:50  Probe (Chrono Boost)  
  16  0:52  Assimilator  
  17  1:02  Probe (Chrono Boost)  
  18  1:07  Probe (Chrono Boost)  
  19  1:16  Probe  
  20  1:30  Cybernetics Core  
  20  1:31  Probe  
  21  1:43  Probe  
  22  1:54  Pylon  
  22  1:55  Probe  
  23  2:12  Probe  
  23  2:14  Stargate  
  23  2:15  Stargate  
  24  2:26  Nexus  
  24  2:34  Pylon  
  24  2:36  Probe (Chrono Boost)  
  25  2:47  Probe (Chrono Boost)  
  26  2:52  Probe (Chrono Boost)  
  27  3:00  Void Ray (Chrono Boost)  
  27  3:04  Probe  
  32  3:10  Void Ray (Chrono Boost)  
  36  3:16  Pylon  
  36  3:30  Probe  
  37  3:41  Forge  
  37  3:42  Probe  
  37  3:45  Probe  
  39  3:53  Assimilator  
  39  3:56  Assimilator  
  39  3:58  Probe  
  39  4:02  Probe  
  41  4:10  Probe, Void Ray  
  41  4:14  Photon Cannon, Probe  
  47  4:20  Photon Cannon  
  47  4:22  Probe  
  47  4:23  Shield Battery  
  43  4:32  Void Ray  
  45  4:47  Shield Battery  
  41  5:03  Void Ray  
  41  5:04  Probe  
  46  5:14  Void Ray  
  50  5:18  Probe (Chrono Boost)  
  51  5:21  Pylon  
  51  5:23  Probe (Chrono Boost)  
  51  5:25  Pylon  
  53  5:33  Probe x2 (Chrono Boost)  
  54  5:38  Probe (Chrono Boost)  
  54  5:41  Void Ray  
  59  5:46  Probe  
  59  5:49  Probe  
  61  5:51  Void Ray  
  65  5:58  Probe  
  66  6:05  Nexus  
  66  6:10  Probe (Chrono Boost)  
  69  6:19  Probe (Chrono Boost)  
  69  6:21  Probe (Chrono Boost)  
  69  6:24  Probe (Chrono Boost)  
  69  6:29  Probe  
  71  6:36  Probe  
  72  6:41  Probe  
  72  6:45  Pylon  
  73  6:47  Pylon  
  73  6:48  Pylon, Probe (Chrono Boost)  
  73  6:51  Pylon, Stargate  
  74  6:54  Pylon  
  74  6:55  Pylon  
  74  7:00  Probe (Chrono Boost)  
  76  7:02  Probe (Chrono Boost)  
  76  7:07  Fleet Beacon  
  76  7:08  Probe (Chrono Boost)  
  77  7:10  Probe (Chrono Boost)  
  77  7:15  Probe  
  78  7:19  Stargate  
  78  7:21  Probe  
  80  7:24  Assimilator, Probe  
  80  7:27  Probe  
  80  7:28  Assimilator  
  74  7:33  Probe  
  74  7:36  Probe  
  76  7:39  Probe  
  76  7:42  Pylon  
  76  7:43  Pylon  
  77  7:44  Pylon  
  77  7:45  Probe  
  77  7:48  Probe  
  80  7:51  Probe  
  80  7:53  Cybernetics Core  
  80  7:56  Protoss Shields Level 1  
  80  7:57  Tempest x2 (Chrono Boost), Probe  
  81  8:04  Tempest (Chrono Boost)  
  91  8:06  Protoss Air Weapons Level 1  
  96  8:21  Nexus  
  96  8:24  Pylon  
  96  8:25  Pylon  
  96  8:28  Assimilator  
  96  8:30  Probe x2  
  96  8:31  Probe  
  96  8:32  Assimilator  
  99  8:42  Probe x2  
  99  8:43  Probe  
  102  8:49  Tempest x3  
  117  9:07  Tempest  
  122  9:43  Stargate  
  122  9:46  Pylon  
  122  9:49  Stargate  
  122  9:52  Carrier x2  
  140  9:53  Carrier x2  
  146  10:01  Twilight Council  
Show
View Real Time Build Order
Export as new Build Order

Kafyir Protoss 

Build Orders: 1 Gate Expand, Blink Stalkers 

Get SALT Encoding   

  12  0:01  Probe  
  13  0:13  Probe  
  14  0:18  Pylon  
  14  0:25  Probe  
  15  0:36  Gateway  
  15  0:39  Probe (Chrono Boost)  
  16  0:48  Assimilator  
  16  0:49  Probe (Chrono Boost)  
  17  0:55  Probe  
  18  1:07  Probe  
  19  1:24  Cybernetics Core  
  19  1:34  Nexus  
  19  1:37  Probe  
  20  1:44  Assimilator  
  20  1:56  Probe  
  20  2:00  Warp Gate (Chrono Boost)  
  21  2:06  Pylon  
  21  2:08  Probe  
  22  2:19  Gateway  
  22  2:25  Probe  
  23  2:32  Robotics Facility  
  23  2:37  Probe, Stalker  
  26  2:50  Twilight Council  
  26  2:54  Probe (Chrono Boost)  
  26  2:55  Probe (Chrono Boost)  
  29  3:06  Probe (Chrono Boost)  
  29  3:10  Stalker  
  31  3:17  Probe  
  32  3:31  Blink (Chrono Boost)  
  31  3:50  Gateway, Stalker x2  
  35  3:58  Probe x2  
  35  4:02  Pylon  
  35  4:11  Probe  
  35  4:17  Stalker x2  
  40  4:34  Probe  
  35  4:57  Stalker x2  
  39  5:02  Stalker  
  39  5:06  Gateway  
  39  5:07  Probe (Chrono Boost)  
  42  5:08  Gateway  
  42  5:11  Assimilator  
  42  5:16  Probe (Chrono Boost)  
  43  5:21  Probe (Chrono Boost), Stalker x2  
  46  5:39  Stalker  
  46  5:44  Templar Archives  
  46  5:48  Pylon, Shield Battery  
  46  5:49  Stalker x2  
  50  5:54  Probe (Chrono Boost)  
  50  5:55  Pylon, Probe (Chrono Boost)  
  52  5:59  Assimilator  
  52  6:01  Stalker  
  54  6:08  Probe (Chrono Boost)  
  54  6:11  Stalker x2  
  59  6:13  Probe (Chrono Boost)  
  59  6:18  Psionic Storm  
  60  6:40  Probe x2  
  60  6:42  Zealot x2  
  60  6:43  Zealot x2  
  70  6:54  Nexus  
  70  6:56  Pylon  
  70  7:14  Probe  
  71  7:17  Pylon, High Templar  
  71  7:18  High Templar x2  
  71  7:20  Pylon  
  77  7:37  High Templar  
  77  7:38  Zealot  
  81  7:46  Pylon  
  81  7:48  Assimilator, Probe  
  82  7:53  Shield Battery, Assimilator, Zealot x2  
  82  7:54  Zealot  
  82  7:56  Shield Battery  
  88  8:02  Pylon, Charge (Chrono Boost)  
  88  8:04  Forge  
  88  8:09  Probe (Chrono Boost)  
  90  8:14  Probe (Chrono Boost)  
  90  8:16  High Templar x2  
  90  8:18  Stalker  
  97  8:20  Probe (Chrono Boost)  
  97  8:22  Archon, Probe (Chrono Boost)  
  97  8:24  Stalker  
  66  9:08  Archon  
  56  9:11  High Templar x3  
  56  9:12  Zealot x2  
  56  9:18  Gateway, Probe (Chrono Boost)  
  56  9:20  Gateway  
  56  9:21  Gateway  
  56  9:23  Gateway  
  58  9:26  Probe (Chrono Boost)  
  58  9:28  Probe (Chrono Boost)  
  59  9:33  Probe (Chrono Boost)  
  59  9:35  Zealot x2  
  63  9:44  Zealot  
  63  9:45  Zealot x2  
  59  10:06  Archon  
  51  10:07  High Templar x2  
  51  10:08  High Templar  
  51  10:09  Stalker  
  51  10:10  Probe (Chrono Boost)  
  61  10:17  Archon  
  61  10:18  Probe (Chrono Boost)  
  61  10:20  Probe (Chrono Boost)  
  63  10:22  Probe (Chrono Boost)  
  63  10:24  Gateway  
  63  10:27  High Templar x2, Gateway  
  67  10:31  Archon  
  67  10:32  Zealot x2, Probe  
  70  10:44  Probe  
  65  10:53  Archon  
  65  10:56  Zealot x2  
  65  10:57  Zealot x3  
  65  11:07  High Templar  
  65  11:08  High Templar  
  65  11:09  Probe x2  
  70  11:20  Stalker x5  
  80  11:38  Archon  
Show
View Real Time Build Order
Export as new Build Order

Ravi Protoss 

Build Orders:  

Get SALT Encoding   

  12  0:00  Probe  
  13  0:12  Probe  
  14  0:22  Pylon  
  14  0:24  Probe  
  15  0:40  Gateway  
  15  0:42  Probe (Chrono Boost)  
  16  0:51  Probe (Chrono Boost)  
  16  0:55  Assimilator  
  16  0:56  Probe (Chrono Boost)  
  18  1:08  Pylon, Probe  
  19  1:20  Probe  
  20  1:33  Probe  
  20  1:37  Cybernetics Core  
  20  1:38  Pylon  
  21  1:45  Probe  
  22  1:51  Assimilator  
  22  1:56  Pylon  
  22  1:57  Probe  
  23  2:05  Gateway  
  23  2:07  Gateway  
  23  2:08  Warp Gate (Chrono Boost)  
  23  2:58  Probe  
  24  3:01  Stalker  
  26  3:05  Nexus  
  26  3:08  Pylon  
  26  3:10  Pylon  
  26  3:11  Probe  
  27  3:18  Twilight Council  
  27  3:23  Probe  
  28  3:42  Stalker x3  
  34  4:00  Probe  
  35  4:13  Stalker x3  
  35  4:50  Stalker x3  
  35  4:51  Probe x2  
  43  5:04  Probe x2  
  43  5:08  Gateway  
  43  5:09  Gateway  
  43  5:10  Blink (Chrono Boost)  
  43  5:14  Stalker x2  
  37  5:48  Zealot x3  
  43  5:57  Shield Battery  
  43  5:58  Assimilator  
  43  5:59  Shield Battery  
  43  6:02  Shield Battery  
  43  6:05  Probe x2  
  39  6:20  Forge, Zealot x3  
  45  6:36  Charge (Chrono Boost)  
  45  6:38  Stalker x2  
  49  6:40  Probe x2  
  51  6:48  Templar Archives  
  51  6:52  Protoss Ground Weapons Level 1 (Chrono Boost), Probe  
  51  6:53  Probe  
  53  7:04  Probe  
  53  7:05  Probe  
  55  7:12  Assimilator  
  55  7:17  Photon Cannon  
  51  7:26  Stalker x4  
  59  7:35  Pylon  
  59  7:39  Photon Cannon  
  59  7:44  Probe x2  
  61  7:55  High Templar x2  
  65  8:09  High Templar  
  65  8:11  Zealot x2  
  71  8:28  Assimilator  
  71  8:29  High Templar  
  71  8:30  Zealot  
  61  9:02  Archon  
  51  9:05  Zealot x5  
  37  9:25  Gateway  
  37  9:27  Pylon  
  36  9:32  Stalker x3  
  36  9:33  Pylon  
  21  9:56  Zealot x3  
  18  10:21  Stalker x2  
  18  10:22  Stalker  
  19  10:29  Nexus  
  15  10:43  Sentry  
  15  10:49  Sentry x2  
Tags
 
Add a new tag
Caveats
  • Supply blocks, unpowered buildings, or Contaminate may cause inaccurate times.
  • Supply counts are checked every 10 seconds.